 Dungeon Crawl Stone Soup version 0.29.0-13-gc9e81de378 (webtiles) character file.

Game seed: 4465192029711918327

90 enile the Insei (level 4, 0/31 HPs)
             Began as an Octopode Transmuter on Sept 8, 2022.
             Was a Follower of the Shining One.
             Slain by Jessica
             ... wielding a +0 club
              (5 damage)
             ... on level 2 of the Dungeon.
             The game lasted 00:01:56 (1623 turns).

enile the Insei (Octopode Transmuter)               Turns: 1623, Time: 00:01:56

Health: 0/31       AC:  1    Str:  9    XL:     4   Next: 56%
Magic:  7/7        EV: 13    Int: 17    God:    the Shining One [*.....]
Gold:   62         SH:  0    Dex: 12    Spells: 6/7 levels left

rFire   . . .      SeeInvis .   c - +0 hand axe
rCold   . . .      Faith    .   (no shield)
rNeg    . . .      Spirit   .   (helmet restricted)
rPois   .          Reflect  .   (no amulet)
rElec   .          Harm     .   (no ring)
rCorr   .          Rampage  .   (no ring)
Will    .....                   (no ring)
Stlth   +.........              (no ring)
HPRegen 0.10/turn               (no ring)
MPRegen 0.10/turn               (no ring)
                                (no ring)
                                (no ring)

@: attractive, glowing
A: almost no armour, amphibious, 8 rings, camouflage 1, gelatinous body 1,
(nimble swimmer 1), tentacles
a: Renounce Religion, Divine Shield


You were on level 2 of the Dungeon.
You worshipped the Shining One.
The Shining One was aware of your devotion.
You visited 1 branch of the dungeon, and saw 2 of its levels.

You collected 62 gold pieces.

Inventory:

Hand Weapons
 c - a +0 hand axe (weapon)
Scrolls
 a - a scroll of silence {unknown}
 e - 2 scrolls of identify {unknown}
 f - a scroll of immolation {unknown}


   Skills:
 - Level 3.0 Fighting
 - Level 3.0 Dodging
 - Level 2.0 Stealth
 - Level 3.0 Unarmed Combat
 + Level 2.2 Spellcasting
 - Level 2.0 Transmutations


You had 6 spell levels left.
You knew the following spells:

 Your Spells              Type           Power      Damage    Failure   Level
a - Beastly Appendage     Tmut           16%        N/A       9%          1

Your spell library contained the following spells:

 Spells                   Type           Power      Damage    Failure   Level
 Wereblood                Tmut           8%         N/A       13%         2
 Spider Form              Tmut/Pois      5%         N/A       36%         3
 Ice Form                 Ice/Tmut       5%         N/A       77%         4
 Fireball                 Conj/Fire      0%         3d3       99%         5
 Starburst                Conj/Fire      0%         6d3       100%        6
 Ignition                 Fire           0%         3d3       100%        8


Dungeon Overview and Level Annotations

Branches:
Dungeon (2/15)

Altars:
The Shining One

Shops:
D:2 [

Annotations:
D:2 Jessica


Innate Abilities, Weirdness & Mutations

You cannot wear most types of armour.
You are amphibious.
You can wear up to eight rings at the same time.
Your skin changes colour to match your surroundings (Stealth+).
Your rubbery body absorbs attacks. (AC +1, EV +1)
((You are camouflaged when in or above water. (Stealth+)))
You have tentacles for arms and can constrict up to eight enemies at once.


Message History

The hobgoblin shouts!
The adder closely misses you. The adder bites you.
You hit the adder. You grab the adder. You squeeze the adder.
You kill the adder!
A quokka comes into view.
A hobgoblin comes into view.
You hit the hobgoblin. You grab the hobgoblin.
The hobgoblin is almost dead.
You constrict the hobgoblin.
You kill the hobgoblin!
You hit the quokka. You grab the quokka.
The quokka is lightly wounded.
You hit the hobgoblin but do no damage. You constrict the quokka.
The quokka barely misses you. The hobgoblin closely misses you.
The quokka bites you.
You hit the quokka but do no damage.
The quokka is heavily wounded.
You hit the hobgoblin but do no damage. You constrict the quokka.
The hobgoblin hits you. The quokka bites you. The hobgoblin closely misses you.
Jessica the Apprentice Sorceress comes into view.
She is wielding a +0 club.
Jessica shouts!
You hit the quokka.
You kill the quokka!
You hit the hobgoblin. The hobgoblin hits you.
Jessica gestures at you while chanting. Pain shoots through your body!
* * * LOW HITPOINT WARNING * * *
Okay, then.
It was a potion of attraction.
You feel attractive to monsters. The hobgoblin hits you.
* * * LOW HITPOINT WARNING * * *
Jessica is attracted toward you.
The air fills with toxic fumes!
As you read the scroll labelled IMOATE EZUUTT, it crumbles to dust.
It was a scroll of poison.
The hobgoblin hits you but does no damage.
The hobgoblin hits you.
* * * LOW HITPOINT WARNING * * *
Jessica hits you with a +0 club.
You die...

...............>...
#8§8§
######.#.#.......#
#§§§§ #§#§....#.###
#8§§§8######§§§...##.#
#
#§§§§§#§§§§§§§§..###.#
# 8§8§8#§§§§§§§§..#
#.# #
...§§§§§§§§§§§..# #.#
# ...#@§§§§§§§§..# #.#
# #§@§§§§§§§..###.###
##gg§§§§§§....).)..
.§§§#######.##.†##.
§§§§# #.##..##. §§§§§§
#.......# §§§§§##§
#..##.... §§§§§§§ §
...###.... ####§§§§ #
...# #.... #### #....


You could see Jessica and 2 hobgoblins.

Vanquished Creatures
  6 adders (D:2)
  A dart slug (D:1)
  3 endoplasms
  A giant cockroach (D:1)
  3 goblins (D:1)
  4 hobgoblins
  2 quokkas
  A ball python (D:1)
  7 bats
  A frilled lizard (D:2)
  3 kobolds
  5 rats (D:1)
37 creatures vanquished.

Notes
Turn   | Place    | Note
-------+----------+-------------------------------------------
     0 | D:1      | enile the Octopode Transmuter began the quest for the Orb.
     0 | D:1      | Reached XP level 1. HP: 13/13 MP: 3/3
   353 | D:1      | Reached XP level 2. HP: 16/19 MP: 3/5
   415 | D:1      | Reached skill level 1 in Stealth
   786 | D:1      | Reached XP level 3. HP: 21/25 MP: 6/6
   920 | D:1      | Found a faded altar of an unknown god.
  1191 | D:1      | Prayed at the altar of an unknown god.
  1191 | D:1      | Became a worshipper of the Shining One
  1191 | D:1      | Reached * piety under the Shining One
  1262 | D:2      | Reached XP level 4. HP: 10/31 MP: 4/7
  1614 | D:2      | Found Jeneum's Antique Armour Boutique.
  1620 | D:2      | Noticed Jessica
  1623 | D:2      | Slain by Jessica

Illustrated notes

Levels and vault maps discovered:
D:1:      dpeg_arrival_shrine, layout_loops_ring,
          dreamdust_ecumenical_altar_hidden_monk_grotto, st_stairs_4
D:2:      layout_basic, serial_shops,
          nicolae_shop_temple_entry_statues_fountains, minmay_pentomino_w2,
          uniq_jessica

Skill      XL: |  1  2  3  4 |
---------------+-------------+-----
Fighting       | 2 3 |  3.0
Stealth        | 2 |  2.0
Dodging        | 3 |  3.0
Unarmed Combat | |  3.0
Spellcasting   | |  2.2
Transmutations | |  2.0

Action                   |  1- 3 |  4- 6 || total
-------------------------+-------+-------++-------
Melee: Unarmed           |    16 |       ||    16
       Constrict         |    11 |     6 ||    17
       Kick              |     7 |       ||     7
       Tentacles         |     6 |     3 ||     9
       Punch             |     3 |       ||     3
       Hand axe          |    45 |    14 ||    59
 Cast: Beastly Appendage |    10 |       ||    10
Invok: Divine Shield     |     1 |       ||     1
  Use: Potion            |     2 |     1 ||     3
       Scroll            |       |     1 ||     1
 Stab: Sleeping          |     4 |       ||     4
Armor: Skin              |    47 |     1 ||    48
Dodge: Dodged            |    38 |    12 ||    50
Block: Other             |     6 |       ||     6
